 Dungeon Crawl Stone Soup version 0.29.1-15-g9cfb28693d (webtiles) character file.

Game seed: 14274965238941807215

1029 Buffaloe the Cudgeller (level 8, 0/76 HPs)
             Began as a Troll Gladiator on Mar 12, 2023.
             Slain by an unseen horror (5 damage)
             ... on level 5 of the Dungeon on Apr 14, 2023.
             The game lasted 00:20:08 (4582 turns).

Buffaloe the Cudgeller (Troll Gladiator)            Turns: 4582, Time: 00:20:09

Health: 0/76       AC:  4    Str: 23    XL:     8   Next: 3%
Magic:  7/7        EV: 11    Int:  4    God:
Gold:   172        SH:  0    Dex: 13    Spells: 7/7 levels left

rFire   . . .      SeeInvis .   y - +2 whip (elec)
rCold   . . .      Faith    .   (no shield)
rNeg    . . .      Spirit   .   b - +0 robe
rPois   .          Reflect  .   c - +0 hat
rElec   .          Harm     .   (no cloak)
rCorr   .          Rampage  .   (gloves unavailable)
Will    .....                   (boots unavailable)
Stlth   +.........              (no amulet)
HPRegen 1.02/turn               (no ring)
MPRegen 0.10/turn               (no ring)

@: no status effects
A: large, unfitting armour, claws 3, regeneration 1, shaggy fur 1, tough skin 1
a: no special abilities


You were on level 5 of the Dungeon.
You visited 1 branch of the dungeon, and saw 5 of its levels.

You collected 322 gold pieces.
You spent 150 gold pieces at shops.

Inventory:

Hand Weapons
 a - a +0 flail
 r - a +0 giant spiked club
 y - a +2 whip of electrocution (weapon)
Missiles
 d - 2 throwing nets (quivered)
 e - a large rock
Armour
 b - a +0 robe (worn)
 c - a +0 hat (worn)
Wands
 s - a wand of iceblast (12)
Scrolls
 f - 2 scrolls of fog
 h - 2 scrolls of identify
 i - a scroll of enchant weapon
 j - a scroll of blinking
 t - a scroll of teleportation {unknown}
 u - a scroll of torment
 v - 2 scrolls of fear
Potions
 g - 3 potions of might
 k - 2 potions of magic
 l - a potion of heal wounds
 m - 2 potions of haste
 n - a potion of curing
 o - a potion of flight
 p - a potion of invisibility {unknown}
 q - 2 potions of mutation {unknown}
 w - a potion of degeneration {unknown}
 x - 2 potions of attraction
 z - a potion of resistance {unknown}
 A - a potion of berserk rage {unknown}


   Skills:
 + Level 3.6 Fighting
 * Level 6.9 Maces & Flails
 - Level 3.0 Throwing
 + Level 3.8 Dodging
 - Level 0.4 Stealth


You had 7 spell levels left.
You didn't know any spells.
Your spell library contained the following spells:

 Spells                   Type           Power      Damage    Failure   Level
 Ensorcelled Hibernation  Hex/Ice        0%         N/A       65%         2
 Ozocubu's Armour         Ice            0%         N/A       86%         3
 Freezing Cloud           Conj/Ice/Air   0%         6-21      100%        5
 Simulacrum               Ice/Necr       0%         N/A       100%        6
 Ozocubu's Refrigeration  Ice            0%         4d7       100%        7
 Polar Vortex             Ice            0%         N/A       100%        9


Dungeon Overview and Level Annotations

Branches:
Dungeon (5/15)
 Temple: D:4-7

Altars:
Dithmenos
Hepliaklqana
Sif Muna
Trog
Uskayaw

Shops:
D:2 !

Annotations:
D:5 Prince Ribbit


Innate Abilities, Weirdness & Mutations

You are too large for most types of armour.
You have claws for hands.
Your natural rate of healing is unusually fast.
You are covered in fur. (AC +1)
You have tough skin. (AC +1)


Message History

Something hits you but does no damage. Something hits you.
Something hits you but does no damage.
You barely miss something. Something hits you but does no damage.
Something hits you. Something hits you. Something hits you!
You miss something. Something hits you! Something hits you.
You closely miss something. Something hits you but does no damage.
Something hits you.
You barely miss something. Something hits you. x2
You hit something but do no damage. Something hits you. x2
You hit something but do no damage. Something hits you.
* * * LOW HITPOINT WARNING * * *
Something hits you.
* * * LOW HITPOINT WARNING * * *
Something hits you.
* * * LOW HITPOINT WARNING * * *
Something barely misses you.
You barely miss something. Something hits you.
* * * LOW HITPOINT WARNING * * *
Something hits you but does no damage. Something hits you!
* * * LOW HITPOINT WARNING * * *
Something hits you but does no damage. Something hits you.
* * * LOW HITPOINT WARNING * * *
Something hits you.
* * * LOW HITPOINT WARNING * * *
You feel much better. Something hits you.
* * * LOW HITPOINT WARNING * * *
Something hits you.
* * * LOW HITPOINT WARNING * * *
Something hits you.
* * * LOW HITPOINT WARNING * * *
Something hits you!
* * * LOW HITPOINT WARNING * * *
Something hits you.
* * * LOW HITPOINT WARNING * * *
Something hits you.
You die...

#........# #.#
#........## .. ##.
#.>.......# .# ##.
#.........####.###..#
#####.###..##..#.. #.
##.# ##<...##.# #.
#..# #.....##.###.
#.####.###........
#@.....##.....#...
#.#####...#.....#.
##.......###(..#.#.
#.......<# #...#.##
####.#.....## #...#.#
#..........###
#...#.. #..........#
#...### #..........#
#..)# #..........#
#...#


There were no monsters in sight!

Vanquished Creatures
  Eustachio (D:4)
  An orc warrior (D:4)
  A black bear (D:4)
  An ice beast (D:4)
  An ogre (D:4)
  2 necrophages
  4 hounds
  Natasha (thrice) (D:4)
  3 orc wizards
  6 adders
  2 worms (D:2)
  A dart slug (D:3)
  12 orcs
  10 ball pythons
  6 endoplasms
  4 giant cockroaches
  8 goblins
  2 hobgoblins (D:1)
  4 quokkas
  4 bats
  5 frilled lizards
  8 kobolds
  2 rats
91 creatures vanquished.

Vanquished Creatures (others)
  7 toadstools (D:1)
7 creatures vanquished.

Grand Total: 98 creatures vanquished

Notes
Turn   | Place    | Note
-------+----------+-------------------------------------------
     0 | D:1      | Buffaloe the Troll Gladiator began the quest for the Orb.
     0 | D:1      | Reached XP level 1. HP: 19/19 MP: 0/0
   137 | D:1      | Reached skill level 3 in Maces & Flails
   264 | D:1      | Reached XP level 2. HP: 27/27 MP: 1/1
   815 | D:2      | Found Doptutaw's Distillery.
   823 | D:2      | Bought a potion of heal wounds for 50 gold pieces
   873 | D:2      | Reached XP level 3. HP: 14/35 MP: 2/2
  1164 | D:2      | Found a faded altar of an unknown god.
  1271 | D:2      | Reached XP level 4. HP: 42/42 MP: 3/3
  1309 | D:2      | Reached skill level 4 in Maces & Flails
  1663 | D:2      | Bought a potion of curing for 30 gold pieces
  1663 | D:2      | Bought a potion of might for 40 gold pieces
  1663 | D:2      | Bought a potion of flight for 30 gold pieces
  1720 | D:2      | Found the +1 Delatra's gloves {ID++}
  1906 | D:3      | Reached XP level 5. HP: 48/50 MP: 4/4
  2522 | D:4      | Noticed Eustachio
  2536 | D:4      | Reached skill level 5 in Maces & Flails
  2723 | D:3      | Found a hazy altar of Hepliaklqana.
  2958 | D:4      | Noticed Natasha
  2977 | D:4      | Reached XP level 6. HP: 55/59 MP: 5/5
  2982 | D:4      | Killed Natasha
  3005 | D:4      | Noticed Natasha
  3017 | D:4      | Killed Natasha
  3069 | D:4      | Found a hide-covered altar of Uskayaw.
  3176 | D:4      | Reached skill level 6 in Maces & Flails
  3278 | D:4      | Noticed an orc warrior
  3287 | D:4      | Found a bloodstained altar of Trog.
  3298 | D:4      | Killed an orc warrior
  3299 | D:4      | Reached XP level 7. HP: 67/67 MP: 6/6
  3310 | D:4      | Found a shimmering blue altar of Sif Muna.
  3321 | D:4      | Got Sif Muna's Treatise on the Blizzard
  3354 | D:4      | Found a shadowy altar of Dithmenos.
  3432 | D:4      | Noticed Natasha
  3449 | D:4      | Killed Natasha
  3940 | D:5      | Entered Level 5 of the Dungeon
  3988 | D:5      | Noticed Prince Ribbit
  4089 | D:4      | Killed Eustachio
  4431 | D:4      | Reached XP level 8. HP: 64/76 MP: 7/7
  4576 | D:5      | HP: 2/76 [something (6)]
  4582 | D:5      | Slain by an unseen horror

Illustrated notes

Levels and vault maps discovered:
D:1:      nagdon_arrival_zigzag_paths, layout_basic
D:2:      layout_loops_ring, serial_shops, shop, ebering_ecumenical_altar_rust,
          pf_guarded_unrand_delatra
D:3:      layout_loops_ring, nicolae_overflow_hidden_temple
D:4:      layout_basic, nzn_overflow_gifts_of_might_and_magic,
          eat_drink_and_be_merry_uskayaw, mainiacjoe_overflow_alcove_1,
          uniq_natasha, uniq_eustachio
D:5:      layout_rooms, marbit_many_paths, uniq_prince_ribbit1

Skill      XL: |  1  2  3  4  5  6  7  8 |
---------------+-------------------------+-----
Maces & Flails | 3 4 5 6 |  6.9
Fighting       | 2 3 |  3.6
Dodging        | 3 |  3.8
Throwing       | 2 3 |  3.0
Stealth        | |  0.4

Action                   |  1- 3 |  4- 6 |  7- 9 || total
-------------------------+-------+-------+-------++-------
Melee: Flail             |    88 |   143 |       ||   231
       Punch             |     1 |     1 |     2 ||     4
       Giant spiked club |       |    18 |       ||    18
       Whip              |       |    15 |    62 ||    77
Throw: Throwing net      |       |     1 |       ||     1
  Use: Scroll            |       |     8 |     1 ||     9
       Potion            |       |       |     3 ||     3
 Stab: Sleeping          |     2 |       |       ||     2
       Distracted        |     1 |       |       ||     1
Armor: Robe              |    32 |    75 |    25 ||   132
Dodge: Dodged            |    41 |   127 |    27 ||   195
